 Dungeon Crawl Stone Soup version 0.19.1 (webtiles) character file.

50 Aerates the Firebug (level 4, 0/31 HPs)
             Began as a Human Fire Elementalist on Dec 21, 2016.
             Was an Initiate of Makhleb.
             Slain by Terence
             ... wielding a cursed +0 flail
              (4 damage)
             ... on level 2 of the Dungeon.
             The game lasted 00:26:14 (1990 turns).

Aerates the Firebug (Human Fire Elementalist)       Turns: 1990, Time: 00:26:15

Health: 0/31       AC:  6    Str:  8    XL:     4   Next: 4%
Magic:  1/7        EV:  5    Int: 17    God:    Makhleb [......]
Gold:   75         SH:  6    Dex: 13    Spells: 1 memorised, 6 levels left

rFire  . . .     SeeInvis .     i - +0 club (curse)
rCold  . . .     Gourm    .     k - +0 scale mail
rNeg   . . .     Faith    .     j - +0 shield (curse)
rPois  .         Spirit   .     (no helmet)
rElec  .         Reflect  .     (no cloak)
rCorr  .         Harm     .     (no gloves)
MR     .....                    (no boots)
Stlth  +.........               (no amulet)
                                (no ring)
                                (no ring)

@: lethally poisoned (0 -> -3), contaminated, glowing
A: no striking features
a: Renounce Religion


You were on level 2 of the Dungeon.
You worshipped Makhleb.
Makhleb was noncommittal.
You were not hungry.

You visited 1 branch of the dungeon, and saw 2 of its levels.

You collected 75 gold pieces.

Inventory:

Hand Weapons
 g - a +0 dagger
 i - a cursed +0 club (weapon)
 l - a +0 whip
 m - a +0 dagger
 n - a +0 club
 r - a +0 falchion
Missiles
 e - 15 bolts
Armour
 a - a +0 robe
 j - a cursed +0 shield (worn)
 k - a +0 scale mail (worn)
Potions
 f - a potion of brilliance {unknown}
Books
 b - a book of Flames

   Spells                             Type                      Level
   a - Flame Tongue                   Conjuration/Fire             1
   b - Throw Flame                    Conjuration/Fire             2
   c - Conjure Flame                  Conjuration/Fire             3
   d - Inner Flame                    Hexes/Fire                   3
   e - Sticky Flame                   Conjuration/Fire             4
   f - Fireball                       Conjuration/Fire             5
Comestibles
 c - 2 bread rations


   Skills:
 + Level 0.8 Fighting
 + Level 0.6 Maces & Flails
 + Level 2.4 Dodging
 + Level 2.2 Stealth
 + Level 2.2 Spellcasting
 + Level 1.3 Conjurations
 + Level 3.5 Fire Magic


You had 6 spell levels left.
You knew the following spells:

 Your Spells              Type           Power        Failure   Level  Hunger
a - Flame Tongue          Conj/Fire      ##...        100%        1    #......


Dungeon Overview and Level Annotations

Branches:
Dungeon (2/15)

Altars:
Fedhas
Makhleb

Annotations:
D:2 Terence


Message History

Terence shouts, "Get ready for death!"
You block the adder's attack.
Casting: Flame Tongue
Confirm with . or Enter, or press ? or * to list all spells.
Aiming: Flame Tongue
Press: ? - help, Shift-Dir - straight line, f/p - Terence
Aim: Terence, wielding a flail and wearing a chain mail You miscast Flame Tongue.
Wisps of smoke drift from your hands. You block the adder's attack.
Terence shouts, "Get ready for death!"
Terence hits you with a flail!
* * * LOW HITPOINT WARNING * * *
The adder bites you.
* * * LOW HITPOINT WARNING * * *
You hit Terence but do no damage. The adder bites you.
* * * LOW HITPOINT WARNING * * *
You are poisoned.
The adder poisons you! Terence barely misses you. You block the adder's attack.
Terence hits you with a flail.
You die...

... ##.##.....##.# ... ....#
#.####.####.# ....
#...####...........#
....###...........##.#..##
..................##...##
......................##
.!................###########
............................#
........†.......@..########.#
.......##.......@S.# .......
#..........#
.......##..........#
.......#....%......#
...................#
...................#
...................#
...$...........#


You could see Terence and an adder.

Vanquished Creatures
  2 adders (D:2)
  A dart slug (D:1)
  3 bats
  3 giant cockroaches (D:1)
  7 goblins
  7 hobgoblins
  2 kobolds
  4 rats (D:1)
29 creatures vanquished.

Notes
Turn   | Place    | Note
-------+----------+-------------------------------------------
     0 | D:1      | Aerates the Human Fire Elementalist began the quest for the Orb.
     0 | D:1      | Reached XP level 1. HP: 13/13 MP: 3/3
   305 | D:1      | Reached XP level 2. HP: 9/19 MP: 1/5
   848 | D:1      | Reached XP level 3. HP: 20/24 MP: 3/6
  1351 | D:2      | Found a blossoming altar of Fedhas.
  1869 | D:2      | Found a burning altar of Makhleb.
  1884 | D:2      | Became a worshipper of Makhleb the Destroyer
  1934 | D:2      | Reached XP level 4. HP: 3/31 MP: 3/7
  1941 | D:2      | HP: 1/31 [poisoned by an adder]
  1966 | D:2      | Noticed Terence
  1990 | D:2      | Slain by Terence

Action                   |  1- 3 |  4- 6 || total
-------------------------+-------+-------++-------
Melee: Unarmed           |     9 |       ||     9
       Club              |    89 |     2 ||    91
 Cast: Flame Tongue      |    29 |       ||    29
  Use: Potion            |     5 |     1 ||     6
       Scroll            |     4 |       ||     4
  Eat: Bread ration      |     1 |       ||     1
       Beef jerky        |     1 |       ||     1
Armor: Robe              |    17 |       ||    17
       Scale mail        |    21 |     5 ||    26
Dodge: Dodged            |   105 |     6 ||   111
Block: Shield            |    12 |     7 ||    19
